Map: Oxide LE

Players

Krystianer - Winner!

  • Race: Protoss Protoss

Elazer

  • Race: Zerg Zerg

Event: DreamHack SC2 Masters 2021 Winter

VOD

Have the link to the VOD?

Description

Time

  • Played on: Oct. 2, 2021, 12:58 p.m.
  • Length: 14:52

All games in this series

Show
View Real Time Build Order
Export as new Build Order

Krystianer Protoss - Winner!

Build Orders: 1 Gate Expand, Oracle Opening, Archon Immortal, Archon Drop 

Get SALT Encoding   

  12  0:00  Probe  
  13  0:12  Probe  
  14  0:17  Pylon  
  14  0:24  Probe (Chrono Boost)  
  15  0:36  Probe (Chrono Boost)  
  15  0:37  Gateway  
  16  0:44  Probe (Chrono Boost)  
  16  0:46  Assimilator  
  17  0:50  Probe  
  18  1:03  Probe  
  19  1:15  Probe  
  20  1:23  Nexus  
  20  1:33  Cybernetics Core  
  20  1:37  Probe  
  21  1:42  Assimilator  
  21  1:49  Probe  
  21  1:52  Pylon  
  22  2:01  Probe  
  23  2:07  Adept (Chrono Boost)  
  23  2:13  Probe  
  26  2:16  Stargate  
  26  2:26  Probe (Chrono Boost)  
  26  2:27  Adept (Chrono Boost)  
  26  2:28  Warp Gate  
  27  2:35  Probe (Chrono Boost)  
  30  2:43  Probe (Chrono Boost)  
  32  2:45  Probe (Chrono Boost)  
  32  2:49  Probe (Chrono Boost)  
  32  2:50  Probe (Chrono Boost)  
  34  3:00  Oracle (Chrono Boost)  
  34  3:01  Probe  
  34  3:02  Probe  
  39  3:06  Shield Battery  
  39  3:10  Stalker  
  41  3:13  Probe  
  41  3:14  Probe  
  43  3:25  Probe  
  43  3:26  Probe  
  41  3:35  Gateway  
  41  3:38  Assimilator, Probe x2  
  41  3:40  Assimilator  
  43  3:45  Pylon  
  43  3:48  Robotics Facility  
  43  3:50  Probe (Chrono Boost)  
  43  3:54  Probe (Chrono Boost)  
  45  4:01  Probe (Chrono Boost)  
  45  4:02  Twilight Council  
  46  4:05  Probe (Chrono Boost)  
  46  4:06  Probe (Chrono Boost)  
  48  4:15  Gateway, Probe  
  48  4:16  Probe, Pylon  
  50  4:17  Gateway  
  50  4:35  Adept x2  
  50  4:36  Warp Prism (Chrono Boost)  
  56  4:49  Pylon  
  56  4:51  Nexus, Probe  
  58  4:52  Probe  
  58  4:57  Templar Archives  
  58  5:03  Probe  
  58  5:05  Probe  
  60  5:07  Pylon  
  60  5:14  Forge  
  60  5:15  Probe, Pylon  
  60  5:17  Probe  
  62  5:24  Immortal (Chrono Boost)  
  66  5:30  Probe x2  
  66  5:33  High Templar x4  
  76  5:36  Archon  
  76  5:37  Archon  
  76  5:44  Probe x2  
  76  5:46  Protoss Ground Weapons Level 1  
  78  5:53  Immortal (Chrono Boost)  
  78  5:56  Probe x2  
  84  6:04  Probe  
  84  6:08  Probe x2  
  87  6:12  Zealot x2, High Templar x2  
  87  6:14  Assimilator  
  87  6:16  Pylon  
  87  6:18  Archon  
  95  6:19  Assimilator  
  95  6:20  Probe  
  95  6:23  Immortal (Chrono Boost), Charge  
  100  6:25  Gateway  
  100  6:27  Gateway  
  100  6:28  Probe  
  101  6:34  Probe x2  
  103  6:41  Gateway  
  103  6:43  Gateway, Sentry  
  105  6:52  Immortal (Chrono Boost)  
  109  6:56  Pylon  
  109  6:57  Pylon  
  109  7:12  Pylon  
  109  7:14  Probe x2  
  109  7:15  Sentry  
  113  7:21  Immortal (Chrono Boost)  
  117  7:26  Zealot x2  
  117  7:27  Zealot x2  
  125  7:31  Pylon  
  125  7:32  Pylon  
  125  7:34  Pylon  
  122  7:48  Zealot  
  122  7:49  Immortal (Chrono Boost), Zealot  
  130  7:52  High Templar x4  
  130  7:53  Zealot x2  
  130  7:57  Archon x2  
  142  8:03  Probe  
  137  8:13  Zealot x3  
  137  8:14  Zealot  
  137  8:16  Protoss Ground Weapons Level 2 (Chrono Boost)  
  137  8:18  Immortal (Chrono Boost)  
  147  8:21  Pylon  
  147  8:23  Nexus  
  147  8:24  Pylon  
  145  8:29  Zealot x3  
  145  8:30  Zealot  
  145  8:31  Probe  
  147  8:34  Probe  
  147  8:38  Probe  
  145  8:43  Probe  
  145  8:45  Immortal (Chrono Boost)  
  148  8:56  Probe  
  145  9:03  Zealot x8  
  145  9:05  Probe  
  145  9:09  Probe  
  155  9:12  Immortal (Chrono Boost)  
  153  9:24  Zealot x6  
  153  9:29  High Templar x2  
  165  9:35  Archon  
  165  9:40  Gateway  
  165  9:41  Probe x2  
  165  9:42  Probe  
  165  9:44  Gateway  
  168  9:45  High Templar  
  168  9:46  High Templar x4  
  168  9:47  High Templar  
  168  9:48  Probe  
  168  9:50  Archon x2  
  168  9:51  Archon  
  181  9:53  Probe x2  
  161  10:12  Zealot x2  
  161  10:15  Probe x3  
  161  10:18  Zealot x4  
  161  10:19  Immortal  
  172  10:23  Psionic Storm  
  168  10:33  Probe  
  168  10:35  Probe  
  152  10:39  Probe  
  152  10:41  High Templar  
  152  10:42  High Templar x5  
  163  10:45  Zealot x4  
  163  10:49  Probe  
  168  10:50  Archon x2  
  168  10:54  Assimilator  
  168  10:55  Assimilator  
  165  11:17  Zealot  
  165  11:18  Protoss Ground Weapons Level 3 (Chrono Boost)  
  164  11:19  Nexus  
  164  11:23  Pylon  
  164  11:30  Pylon  
  164  11:32  Pylon  
  160  11:34  Pylon  
  160  11:35  Nexus  
  160  11:39  Zealot x3  
  163  11:42  High Templar x4  
  171  11:48  Pylon  
  171  11:56  Pylon  
  171  11:57  Pylon  
  171  12:00  Zealot x4  
  179  12:05  Immortal  
  175  12:11  Probe x2  
  165  12:23  Zealot x6  
  165  12:24  Zealot x3  
  177  12:32  Sentry  
  159  12:51  High Templar x4  
  161  12:53  Observer, Nexus  
  161  12:58  Archon x2  
  154  13:00  Zealot x6  
  154  13:04  Probe, Pylon  
  167  13:07  Probe  
  159  13:20  Probe  
  159  13:24  Zealot x7  
  159  13:27  Probe  
  175  13:37  Zealot  
  175  13:38  Zealot x2  
  180  13:47  Zealot x6  
  154  14:08  Zealot x3, Probe  
  157  14:16  Nexus  
  147  14:30  Zealot x8  
  149  14:31  Probe  
  149  14:32  Probe  
  139  14:43  Archon x2  
Show
View Real Time Build Order
Export as new Build Order

Elazer Zerg 

Build Orders: Hatch First, Swarm Host 

Get SALT Encoding   

  12  0:00  Drone  
  13  0:12  Overlord  
  13  0:16  Drone  
  14  0:31  Drone x2  
  16  0:48  Hatchery  
  15  0:51  Drone  
  15  0:54  Drone  
  17  0:58  Drone  
  18  1:08  Extractor  
  17  1:14  Spawning Pool  
  17  1:16  Drone  
  17  1:20  Drone  
  18  1:29  Drone  
  19  1:41  Drone  
  20  1:48  Hatchery  
  20  1:52  Drone  
  20  2:00  Queen  
  22  2:01  Drone  
  22  2:05  Drone  
  24  2:10  Drone  
  24  2:13  Overlord  
  25  2:22  Queen  
  25  2:24  Drone  
  28  2:33  Zergling x4  
  28  2:36  Drone  
  31  2:37  Queen  
  31  2:43  Drone  
  31  2:44  Drone  
  35  2:49  Metabolic Boost  
  35  2:53  Zergling x2  
  36  2:59  Queen  
  36  3:00  Zergling x2  
  36  3:02  Overlord  
  39  3:07  Drone x2  
  41  3:24  Drone x4  
  41  3:28  Drone x2  
  41  3:30  Drone x3  
  45  3:35  Drone  
  45  3:37  Drone  
  45  3:40  Spore Crawler  
  46  3:43  Queen  
  46  3:46  Drone  
  46  3:48  Drone  
  50  3:50  Spore Crawler  
  50  3:51  Spore Crawler  
  50  3:55  Drone x2  
  50  4:01  Overlord  
  51  4:12  Overlord  
  52  4:19  Drone x6  
  52  4:23  Overlord  
  58  4:30  Queen  
  58  4:31  Roach Warren  
  59  4:32  Drone x5  
  59  4:33  Extractor x2  
  59  4:36  Drone x2  
  64  4:39  Drone  
  64  4:42  Drone x3  
  68  4:47  Drone x3  
  68  4:50  Overlord  
  68  4:51  Overlord x2  
  71  5:01  Overlord  
  71  5:05  Lair  
  71  5:10  Zergling x6  
  71  5:11  Drone x2, Zergling x2  
  71  5:12  Drone x2  
  71  5:13  Queen  
  81  5:16  Queen  
  81  5:18  Drone x3  
  81  5:19  Drone  
  81  5:21  Drone x2  
  88  5:28  Overlord  
  89  5:37  Overlord  
  89  5:38  Hatchery  
  88  5:43  Drone x3, Spore Crawler  
  88  5:44  Zergling x12  
  88  5:49  Overlord  
  96  5:50  Queen  
  96  5:55  Overlord  
  96  5:56  Roach x2  
  98  6:05  Roach x6  
  98  6:06  Glial Reconstitution  
  98  6:08  Overlord  
  107  6:12  Extractor x2  
  107  6:13  Drone  
  107  6:14  Drone  
  107  6:15  Infestation Pit, Extractor  
  107  6:17  Drone x3  
  108  6:22  Drone x3  
  111  6:28  Overseer  
  111  6:32  Overlord  
  111  6:37  Overlord  
  111  6:41  Overlord x2  
  110  6:54  Drone, Swarm Host x8  
  110  6:55  Swarm Host  
  110  6:58  Swarm Host  
  141  7:05  Overlord  
  141  7:09  Swarm Host  
  141  7:10  Swarm Host  
  141  7:13  Roach x3  
  153  7:16  Overlord  
  150  7:24  Roach x5  
  157  7:32  Roach x3  
  157  7:36  Roach x2  
  167  7:39  Overlord x2  
  167  7:46  Roach x4  
  174  7:52  Overlord  
  174  7:54  Roach  
  174  8:00  Roach x7  
  174  8:03  Evolution Chamber  
  185  8:13  Overlord  
  183  8:30  Roach x3  
  183  8:31  Ravager x3  
  183  8:32  Ravager x2  
  193  8:34  Hatchery  
  183  8:53  Roach x10  
  197  9:01  Roach  
  197  9:02  Roach  
  187  9:15  Roach x3  
  185  9:23  Overlord  
  174  9:32  Roach x2  
  174  9:33  Overlord x3  
  178  9:53  Roach x4  
  178  9:54  Roach x6  
  178  9:55  Zerg Missile Weapons Level 1  
  171  10:11  Roach x5  
  170  10:15  Ravager x5  
  172  10:22  Roach x2  
  158  10:37  Roach x4  
  150  10:52  Roach x3  
  156  11:02  Hatchery  
  155  11:10  Roach x5  
  153  11:16  Roach  
  155  11:19  Queen x3  
  161  11:40  Roach x7  
  161  11:48  Extractor  
  161  11:50  Extractor  
  161  11:53  Drone x2  
  161  11:54  Drone x2  
  163  11:56  Roach  
  163  11:59  Queen x3  
  169  12:10  Roach x3  
  175  12:22  Zerg Missile Weapons Level 2  
  172  12:24  Roach x5  
  186  12:34  Queen x4  
  186  12:36  Roach x3  
  194  12:54  Ravager x5  
  177  13:00  Roach x4  
  181  13:10  Queen  
  183  13:19  Roach x8  
  182  13:42  Roach  
  182  13:43  Roach x9  
  177  14:00  Roach x6  
  163  14:22  Roach x9  
  163  14:23  Roach x2  

Tags
 
Add a new tag
Caveats
  • Supply blocks, unpowered buildings, or Contaminate may cause inaccurate times.
  • Supply counts are checked every 10 seconds.